AoeStats
← Lord Boyka

Arabia

510899382Analyzed
4v4 RM · 17h ago on Oct 3, 2026· 46m 34s· 8 players
Game mode
Random Map
Map size
Large (8 player)
Population
200
Speed
Normal
Resources
Standard
Victory
Conquest
Starting age
Dark Age
Ending age
Imperial Age
RankedLock teamsTeams togetherTeam positionsShared explorationLock speedFull tech treeHidden civsTurbo modeCheats
Victory
Defeat
🇪🇨 Saxons · Ecuador
1329
+11
🇨🇷 Hindustanis · Costa Rica
1285
+13
🇨🇷 Tatars · Costa Rica
1283
+13
🇨🇷 Bulgarians · Costa Rica
1180
+17
🇨🇴 Persians · Colombia
1351
-18
🇨🇱 Saxons · Chile
1308
-17
🇺🇸 Britons · United States
1149
-11
🇨🇱 Sicilians · Chile
1074
-8
[CRM] - Shadow
6:10 Loom
8:50 Feudal Age
9:21 Double-Bit Axe
12:48 Horse Collar
16:18 Forging
17:15 Scale Barding Armor
19:03 Wheelbarrow
22:07 Castle Age
21:24 Bloodlines
24:02 Bow Saw
23:53 Heavy Plow
24:50 Iron Casting
24:55 Husbandry
26:01 Gold Mining
26:54 Chain Barding Armor
29:56 Town Watch
30:27 Hand Cart
31:56 Stone Mining
36:07 Imperial Age
34:38 Gold Shaft Mining
36:10 Heavy Camel Rider
37:58 Blast Furnace
37:33 Plate Barding Armor
38:27 Imperial Camel Rider
39:30 Light Cavalry
41:35 Two-Man Saw
41:32 Conscription
41:14 Grand Trunk Road
40:36 Hussar
43:28 Stone Shaft Mining
AdrianJPG
6:11 Loom
9:01 Feudal Age
10:23 Double-Bit Axe
14:11 Fletching
15:06 Padded Archer Armor
23:27 Castle Age
23:47 Crossbowman
24:33 Bodkin Arrow
24:22 Crossbowman
26:19 Pikeman
27:38 Bow Saw
34:49 Horse Collar
35:28 Squires
35:14 Gambesons
36:35 Scale Mail Armor
36:46 Forging
37:09 Elite Skirmisher
42:33 Wheelbarrow
44:33 Imperial Age
43:20 Wheelbarrow
44:19 Gold Mining
44:56 Chain Mail Armor
45:17 Iron Casting
44:47 Capped Ram
[CRM]-Holvin
3:44 Loom
9:12 Feudal Age
9:47 Double-Bit Axe
12:16 Horse Collar
18:02 Wheelbarrow
21:46 Castle Age
19:53 Gold Mining
20:50 Scale Barding Armor
20:56 Forging
20:59 Bloodlines
23:41 Gold Shaft Mining
24:34 Husbandry
25:51 Stone Mining
28:05 Chain Barding Armor
28:20 Iron Casting
35:07 Bow Saw
38:53 Stone Shaft Mining
39:39 Stirrups
43:32 Imperial Age
41:05 Heavy Plow
41:22 Hand Cart
46:23 Blast Furnace
[CRM]-Camacho
3:04 Loom
6:34 Loom
9:30 Feudal Age
13:59 Fletching
17:14 Padded Archer Armor
24:16 Castle Age
24:18 Crossbowman
26:08 Bodkin Arrow
30:57 Double-Bit Axe
30:55 Horse Collar
32:08 Wheelbarrow
35:00 Gold Mining
38:52 Heavy Plow
41:32 Ballistics
45:53 Imperial Age
45:29 Leather Archer Armor
47:41 Chemistry
47:21 Conscription
Armando3443
8:08 Loom
10:15 Feudal Age
11:21 Double-Bit Axe
16:42 Wheelbarrow
32:18 Fletching
38:16 Castle Age
43:31 Stone Mining
44:51 Scale Mail Armor
ACI jyarar
4:52 Loom
9:00 Feudal Age
9:36 Double-Bit Axe
10:32 Horse Collar
17:47 Scale Barding Armor
23:13 Castle Age
21:46 Bloodlines
21:52 Gold Mining
23:24 Wheelbarrow
23:09 Light Cavalry
24:12 Chain Barding Armor
24:04 Husbandry
24:59 Bow Saw
25:53 Forging
28:11 Town Watch
31:34 Heavy Plow
40:16 Gold Shaft Mining
Ragavan
7:26 Loom
10:04 Feudal Age
12:07 Fletching
12:11 Double-Bit Axe
16:35 Padded Archer Armor
24:15 Castle Age
22:25 Gold Mining
24:38 Crossbowman
25:38 Bodkin Arrow
26:26 Elite Skirmisher
28:40 Horse Collar
31:24 Leather Archer Armor
32:12 Wheelbarrow
40:53 Imperial Age
39:57 Murder Holes
42:52 Yeomen
43:48 Bracer
45:32 Pikeman
Lord Boyka
11:37 Feudal Age
16:09 Double-Bit Axe
25:24 Castle Age
23:56 Scale Mail Armor
25:18 Fletching
26:02 Forging
26:38 Bow Saw
29:09 Horse Collar
29:24 Gold Mining
31:11 Loom
32:03 Wheelbarrow
40:20 Gambesons
44:01 Imperial Age
42:00 Bodkin Arrow
42:09 Squires
41:54 Arson
43:47 Hand Cart
43:23 Town Watch
44:38 Hand Cart
Connection lost

Rejoining the realm…

Still unreachable

The connection could not be restored.

Session expired

The server has moved on; the page needs a fresh start.